 Dungeon Crawl Stone Soup version 0.18.1-50-g88ac8fd (webtiles) character file.

42 go0n the Sneak (level 3, -8/24 HPs)
             Began as an Octopode Assassin on Sept 16, 2016.
             Mangled by a gnoll
             ... wielding a cursed -1 halberd
              (14 damage)
             ... on level 2 of the Dungeon.
             The game lasted 00:03:35 (1068 turns).

go0n the Sneak (Octopode Assassin)                  Turns: 1068, Time: 00:03:36

Health: -8/24      AC:  1    Str: 10    XL:     3   Next: 54%
Magic:  3/3        EV:  6    Int: 13    God:
Gold:   58         SH:  0    Dex: 14    Spells: 0 memorised, 2 levels left

rFire  . . .     SeeInvis .     a - +2 dagger
rCold  . . .     Gourm    .     (no shield)
rNeg   . . .     Faith    .     (helmet restricted)
rPois  .         Spirit   .     (no amulet)
rElec  .         Dismiss  .     (no ring)
rCorr  .         Reflect  .     (no ring)
SustAt .         Harm     .     (no ring)
MR     .....                    (no ring)
Stlth  +++++.....               (no ring)
                                (no ring)
                                (no ring)
                                (no ring)

@: flying, held, not resistant to hostile enchantments, quite stealthy
A: almost no armour, amphibious, 8 rings, constrict 8, camouflage 1, gelatinous
body 1
a: no special abilities


You were on level 2 of the Dungeon.
You were not hungry.

You visited 1 branch of the dungeon, and saw 2 of its levels.

You collected 58 gold pieces.

Inventory:

Hand Weapons
 a - a +2 dagger (weapon)
 b - a +0 blowgun
Missiles
 c - 8 poisoned needles
 d - 2 curare-tipped needles
Scrolls
 k - a scroll of random uselessness {unknown}
Potions
 h - 2 potions of flight
Comestibles
 f - 2 bread rations
 g - a fruit
 i - a slice of pizza


   Skills:
 - Level 2.0 Fighting
 + Level 2.9 Short Blades
 - Level 2.0 Throwing
 - Level 1.0 Dodging
 + Level 6.3 Stealth


You had 2 spell levels left.
You didn't know any spells.

Dungeon Overview and Level Annotations

Branches:
Dungeon (2/15)

Altars:


Innate Abilities, Weirdness & Mutations

You cannot wear most types of armour.
You are amphibious.
You can wear up to eight rings at the same time.
You can use your tentacles to constrict eight enemies at once.
Your skin changes colour to match your surroundings (Stealth).
Your rubbery body absorbs attacks (AC +1).


Message History

The gnoll shouts!
The gnoll throws a throwing net.
The throwing net hits you.
You become entangled in the net!
You see here a throwing net.
You struggle against the net.
The gnoll hits you but does no damage.
Drink which item? (? for menu, Esc to quit)
You don't have any such object.
Drink which item? (? for menu, Esc to quit)
You don't have any such object.
Drink which item? (? for menu, Esc to quit)
You don't have any such object.
Drink which item? (? for menu, Esc to quit)
Okay, then.
Drink which item? (? for menu, Esc to quit)
It was a potion of flight.
You feel very buoyant.
You fly up into the air.
The gnoll hits you from afar with a halberd!
Ouch! That really hurt!
You die...

....... .#.........###
#.......# ##.....####.##
#.......###....### #.# #
#.............. ######.####
.............. ............
..#........#########.......
................####....###
...........................
#..(......@.########.....#.
#.......g..## #.......
...........# #.......
.........$.# #####...
.#...(....## #...
#........# #... #...g......
#... #..........# #...
....g.....# #...


You could see 2 gnolls.

Vanquished Creatures
  An adder (D:2)
  A dart slug (D:1)
  A giant gecko (D:1)
  3 giant cockroaches (D:1)
  6 goblins
  A hobgoblin (D:1)
  3 kobolds (D:1)
  5 bats
  A giant newt (D:1)
  6 rats
28 creatures vanquished.

Notes
Turn   | Place    | Note
--------------------------------------------------------------
     0 | D:1      | go0n the Octopode Assassin began the quest for the Orb.
     0 | D:1      | Reached XP level 1. HP: 14/14 MP: 1/1
    73 | D:1      | Reached XP level 2. HP: 13/19 MP: 2/2
   558 | D:1      | Reached skill level 6 in Stealth
   726 | D:1      | Reached XP level 3. HP: 24/24 MP: 3/3
  1010 | D:2      | Found a faded altar to an unknown god.
  1068 | D:2      | Mangled by a gnoll

Skill      XL: |  1  2 |
---------------+-------+-----
Stealth        | 6 |  6.3
Fighting       | |  2.0
Short Blades   | |  2.9
Throwing       | |  2.0
Dodging        | |  1.0

Action                   || total
-------------------------++-------
Melee: Dagger            ||    52
       Constrict         ||    13
       Tentacles         ||     3
  Use: Potion            ||     1
 Stab: Sleeping          ||    11
       Distracted        ||     1
Armor: Skin              ||     7
Dodge: Dodged            ||    34
